 Dungeon Sprint DCSS version 0.20-a0-923-g548304e (webtiles) character file.

5117 M4edhros the Unseen (level 15, -21/96 HPs)
             Began as an Octopode Artificer on Mar 25, 2017.
             Was the Champion of Fedhas.
             Hit by a large rock thrown by a cyclops (39 damage)
             ... in the Dungeon (Sprint VI: "Thunderdome").
             The game lasted 00:31:13 (3151 turns).

M4edhros the Unseen (Octopode Artificer)            Turns: 3151, Time: 00:31:13

Health: -21/96     AC: 10    Str: 29    XL:     15   Next: 0%
Magic:  27/27      EV: 27    Int: 20    God:    Fedhas [******]
Gold:   847        SH: 32    Dex: 33    Spells: 14/14 levels left

rFire    + + .     SeeInvis .   A - +0 whip (venom)
rCold    + . .     Gourm    .   e - +4 large shield of Uxies {rPois Str+3}
rNeg     + + +     Faith    .   f - +0 hat {MR+}
rPois    +         Spirit   .   x - amulet "Zaybaac" {Reflect *Contam rF++ Int+2 SH+3 Stlth+}
rElec    +         Reflect  +   q - ring "Hatrin" {*Corrode rElec rN+ MR+ Dex+3}
rCorr    +         Harm     .   r - ring of Springtime {Str+5 Stlth-}
MR       +++++     NoTele   +   p - ring "Imucot Yherr" {rN+ AC+4}
Stlth    ++++++++..             y - ring "Ekhle" {rF+ Str+2 Int+2 Dex+7}
Regen    0.3/turn               u - ring of Cigrescha {rCorr rN+ Str+3 Int+4}
MPRegen  0.2/turn               t - ring "Nuithrel" {+Inv rPois MR+++ Str-2 Int-3}
                                B - ring "Buptaaw" {AC+4 Str+3}
                                z - ring of Ynuuqaz {Ice MR+ Str+3 Dex+4 Stlth-}

@: no status effects
A: almost no armour, stealthy swim, amphibious, 8 rings, constrict 8, camouflage
1, blurry vision 1, clever 1, frail 1, shaggy fur 1, gelatinous body 1,
MP-powered wands
}: 3/15 runes: decaying, barnacled, mossy
a: Fungal Bloom, Evolution, Sunlight, Growth, Reproduction, Rain, Renounce
Religion, Evoke Invisibility


You were in the Dungeon.
You worshipped Fedhas.
Fedhas was exalted by your worship.
You were not hungry.

You visited 1 branch You collected 4510 gold pieces.
You spent 3663 gold pieces at shops.

Inventory:

Hand Weapons
 a - a +0 short sword
 s - a +5 club
 w - a +1 flail of protection
 A - a +0 whip of venom (weapon)
Armour
 e - the +4 large shield of Uxies (worn) {rPois Str+3}
   (You bought it in a shop in the Dungeon)

   It affects your strength (+3).
   It protects you from poison.
 f - a +0 hat of magic resistance (worn)
 j - a +2 shield of poison resistance
Jewellery
 p - the ring "Imucot Yherr" (on tentacle) {rN+ AC+4}
   (You bought it in a shop in the Dungeon)

   [ring of protection]

   It affects your AC (+4).
   It protects you from negative energy.
 q - the ring "Hatrin" (left tentacle) {*Corrode rElec rN+ MR+ Dex+3}
   (You bought it in a shop in the Dungeon)

   [ring of positive energy]

   It affects your dexterity (+3).
   It insulates you from electricity.
   It protects you from negative energy.
   It affects your resistance to hostile enchantments.
   It may corrode you when you take damage.
 r - the ring of Springtime (right tentacle) {Str+5 Stlth-}
   (You bought it in a shop in the Dungeon)

   [ring of loudness]

   It affects your strength (+5).
   It makes you less stealthy.
 t - the ring "Nuithrel" (on tentacle) {+Inv rPois MR+++ Str-2 Int-3}
   (You bought it in a shop in the Dungeon)

   [ring of poison resistance]

   It affects your strength (-2).
   It affects your intelligence (-3).
   It protects you from poison.
   It affects your resistance to hostile enchantments.
   It lets you turn invisible.
 u - the ring of Cigrescha (on tentacle) {rCorr rN+ Str+3 Int+4}
   (You bought it in a shop in the Dungeon)

   [ring of resist corrosion]

   It affects your strength (+3).
   It affects your intelligence (+4).
   It protects you from negative energy.
 v - the ring of Yxietzid {rPois MR++ MP+9 Int+2 Stlth-}
   (You bought it in a shop in the Dungeon)

   [ring of magical power]

   It affects your intelligence (+2).
   It protects you from poison.
   It affects your resistance to hostile enchantments.
   It affects your magic capacity (+9).
   It makes you less stealthy.
 x - the amulet "Zaybaac" (around mantle) {Reflect *Contam rF++ Int+2 SH+3 Stlth+}
   (You bought it in a shop in the Dungeon)

   [amulet of reflection]

   It shields you and reflects attacks.
   It affects your intelligence (+2).
   It greatly protects you from fire.
   It causes magical contamination when unequipped.
   It affects your SH (+3).
   It makes you more stealthy.
 y - the ring "Ekhle" (on tentacle) {rF+ Str+2 Int+2 Dex+7}
   (You bought it in a shop in the Dungeon)

   [ring of intelligence]

   It affects your strength (+2).
   It affects your intelligence (+2).
   It affects your dexterity (+7).
   It protects you from fire.
 z - the ring of Ynuuqaz (on tentacle) {Ice MR+ Str+3 Dex+4 Stlth-}
   (You bought it in a shop in the Dungeon)

   [ring of ice]

   It enhances your ice magic.
   It affects your strength (+3).
   It affects your dexterity (+4).
   It makes you vulnerable to fire.
   It protects you from cold.
   It affects your resistance to hostile enchantments.
   It makes you less stealthy.
 B - the ring "Buptaaw" (on tentacle) {AC+4 Str+3}
   (You bought it in a shop in the Dungeon)

   [ring of protection]

   It affects your AC (+4).
   It affects your strength (+3).
Wands
 b - a wand of flame (1/48)
 c - a wand of enslavement (8/24)
 d - a wand of random effects (1/48)
 l - a wand of acid (0/15)
 m - a wand of iceblast (4/15)
Scrolls
 k - 4 scrolls of blinking
 n - 3 scrolls of fog
Potions
 h - 2 potions of haste
 i - 2 potions of magic
 o - a potion of resistance
Comestibles
 D - 88 fruits
 E - 4 chunks of flesh


   Skills:
 - Level 11.2 Fighting
 - Level 2.7 Short Blades
 - Level 12.4 Maces & Flails
 - Level 12.0 Dodging
 - Level 18.7 Stealth
 * Level 17.7 Shields
 * Level 17.1 Invocations
 - Level 9.8 Evocations


You had 14 spell levels left.
You didn't know any spells.

Dungeon Overview and Level Annotations

Branches:
Dungeon (1/1)

Altars:
Cheibriados
Dithmenos
Fedhas
Gozag
Kikubaaqudgha
Makhleb
Okawaru
Qazlal
Ru
Sif Muna
Trog
Uskayaw
Vehumet
Wu Jian
Xom
Yredelemnul
Zin
The Shining One
Beogh
Jiyva
Lugonu

Shops:
D *[%??*?*:[((!!!!


Innate Abilities, Weirdness & Mutations

You cannot wear most types of armour.
You are very stealthy in the water. (Stealth+)
You are amphibious.
You can wear up to eight rings at the same time.
You can use your tentacles to constrict eight enemies at once.
Your skin changes colour to match your surroundings (Stealth+).
Your rubbery body absorbs attacks. (AC +1, EV +1)
Scrolls take you a little longer to read.
Your mind is acute. (Int +2)
You are frail. (-10% HP)
You are covered in fur. (AC +1)
You expend magic power (3 MP) to strengthen your wands.


Message History

The cyclops throws a large rock.
You reflect the large rock off an invisible shield around you!
The large rock hits the cyclops!
You hit the cyclops but do no damage.
You squeeze the cyclops, but do no damage.
The cyclops is heavily wounded.
You feel a little guilty.
A bolt of cold appears from out of your range of vision.
You hit the cyclops.
The cyclops is poisoned.
You squeeze the cyclops!
You kill the cyclops!
You have reached level 15!
Your experience leads to an increase in your attributes!
Your base attributes are Str 12, Int 13, Dex 17.
Increase (S)trength, (I)ntelligence, or (D)exterity?
You feel agile. x2
Some toadstools grow from nearby corpses.
Fedhas appreciates your contribution to the ecosystem.
The cyclops throws a large rock.
The large rock hits you!!!
You die...
Fedhas appreciates your contribution to the ecosystem.

##⌠⌠⌠## #.....# ##.....##
##∩.....∩## #∩.......∩#
#_...PP.._# #_..[PP.._#
#_...P....# ###.[....@..###
#⌠....(......⌠#
######≈8P........8.######
##∩___≈≈[PPP###......__.∩##
##∩..(≈(.≈P8P# #[8...C....∩###
..)(≈≈≈≈≈§≈.≈###≈.....((.....##
....≈≈≈≈≈§###≈≈≈###.[........⌠#
....[≈.≈≈(# #≈<≈# #......(...⌠#
....≈≈≈≈≈.###≈≈≈###)[........⌠#


You could see a cyclops.

Vanquished Creatures
  Agnes (D)
  Ilsuiw (D)
  A frost giant (D)
  3 stone giants (D)
  An eidolon (D)
  A catoblepas (D)
  A queen ant (D)
  2 alligators (D)
  2 swamp dragons (D)
  A phantasmal warrior (D)
  4 cyclopes (D)
  4 ugly things (D)
  A water nymph (D)
  An elephant (D)
  A spiny frog (D)
  A komodo dragon (D)
  4 queen bees (D)
  5 wraiths (D)
  21 neqoxecs (D)
  A naga (D)
  2 soldier ants (D)
  4 water moccasins (D)
  2 swamp drakes (D)
  A gnoll sergeant (D)
  4 killer bees (D)
  A hound (D)
  3 gnoll shamans (D)
  2 worker ants (D)
  A spriggan simulacrum (D)
  2 gnolls (D)
  An adder (D)
  2 ball pythons (D)
  2 goblins (D)
  A kobold (D)
85 creatures vanquished.

Vanquished Creatures (collateral kills)
  A dire elephant (D)
  2 hydras (D)
  13 orb spiders (D)
  2 rime drakes (D)
  2 stone giant simulacra (D)
  2 water elementals (D)
  A vampire mosquito (D)
  2 hydra simulacra (D)
  An ice beast (D)
  A big kobold (D)
  A killer bee (D)
  Ijyb (D)
  A worker ant (D)
  A spriggan simulacrum (D)
  A ball python (D)
  A ballistomycete spore (D)
33 creatures vanquished.

Vanquished Creatures (others)
  6 wandering mushrooms (D)
  An alligator (D)
  A cyclops (D)
  2 bog bodies (D)
  A stone giant simulacrum (D)
  2 ballistomycetes (D)
  82 toadstools (D)
95 creatures vanquished.

Grand Total: 213 creatures vanquished

Notes
Turn   | Place    | Note
-------+----------+-------------------------------------------
     0 | D        | M4edhros the Octopode Artificer began the quest for the Orb.
     0 | D        | Reached XP level 1. HP: 13/13 MP: 3/3
     1 | D        | Found a burning altar of Makhleb.
     1 | D        | Found a sacrificial altar of Ru.
     2 | D        | Found an ornate altar of the Wu Jian Council.
     2 | D        | Found a stormy altar of Qazlal.
     3 | D        | Found a roughly hewn altar of Beogh.
     4 | D        | Found an opulent altar of Gozag.
     4 | D        | Found a corrupted altar of Lugonu.
     4 | D        | Found a shadowy altar of Dithmenos.
     4 | D        | Found Leptag's Premium Goods.
     4 | D        | Found Zastrai's Weapon Rack.
     5 | D        | Found Poalafox's Identification Station.
     5 | D        | Found Baomauna's Miscellaneous Merchandise.
     5 | D        | Found Juitowk's Basic Armour.
     5 | D        | Round 1.
     6 | D        | Found Uridief's Advanced Armour.
     6 | D        | Found Haawnol's Jewellery.
     7 | D        | Found a deep blue altar of Sif Muna.
     7 | D        | Found a glowing golden altar of the Shining One.
     7 | D        | Found a blossoming altar of Fedhas.
     7 | D        | Found Syptuv's Bee Food.
     9 | D        | Noticed a worker ant
    11 | D        | Found a viscous altar of Jiyva.
    20 | D        | Killed a worker ant
    20 | D        | Reached XP level 2. HP: 9/19 MP: 4/6
    20 | D        | Reached XP level 3. HP: 12/24 MP: 4/7
    28 | D        | Bought a sparkling diamond amulet for 45 gold pieces
    28 | D        | Bought a bound granite ring for 45 gold pieces
    28 | D        | Bought a vibrating brass ring for 45 gold pieces
    28 | D        | Bought a smoking pewter ring for 45 gold pieces
    28 | D        | Identified the ring "Hatrin" {*Corrode rElec rN+ MR+ Dex+3} (You bought it in a shop in the Dungeon)
    29 | D        | Identified the ring of Springtime {Str+5 Stlth-} (You bought it in a shop in the Dungeon)
    30 | D        | Noticed a soldier ant
    30 | D        | Identified the ring "Imucot Yherr" {rN+ AC+4} (You bought it in a shop in the Dungeon)
    31 | D        | Identified the amulet "Qyonta Yrokh" {Gourm rN+ Int-2 Slay+2} (You bought it in a shop in the Dungeon)
    39 | D        | Killed a soldier ant
    39 | D        | Reached skill level 3 in Stealth
    39 | D        | Reached XP level 4. HP: 16/29 MP: 5/10
    39 | D        | Reached XP level 5. HP: 19/34 MP: 6/12
    56 | D        | Noticed a soldier ant
    56 | D        | Became a worshipper of Fedhas Madash
    77 | D        | Found an iron altar of Okawaru.
    79 | D        | Found a glowing silver altar of Zin.
    80 | D        | Found a snail-covered altar of Cheibriados.
    81 | D        | Found Fuvyututi's Do-It-Yourself Clinic.
    81 | D        | Found a radiant altar of Vehumet.
    81 | D        | Found a hide-covered altar of Uskayaw.
    81 | D        | Found Hauffiq's Distillery.
    82 | D        | Found Komipy's Bottled Wisdom.
    82 | D        | Found Fuiv's Distillery.
    92 | D        | Reached skill level 5 in Dodging
   102 | D        | Killed a soldier ant
   102 | D        | Reached skill level 5 in Fighting
   102 | D        | Reached XP level 6. HP: 35/45 MP: 13/13
   149 | D        | Found a shimmering altar of Xom.
   150 | D        | Found a basalt altar of Yredelemnul.
   151 | D        | Found a bloodstained altar of Trog.
   151 | D        | Found an ancient bone altar of Kikubaaqudgha.
   151 | D        | Found Etrezuwn's Staff Store.
   151 | D        | Found Qiezast's Magic Scroll Shop.
   152 | D        | Found Sulysith's Must-Have Magic.
   152 | D        | Found Xecadac's Magic Scroll Shop.
   168 | D        | Noticed a queen ant
   194 | D        | Killed a queen ant
   194 | D        | Arena points: 14 (+14) [x2]
   194 | D        | Reached skill level 10 in Fighting
   194 | D        | Reached skill level 10 in Dodging
   194 | D        | Reached XP level 7. HP: 36/59 MP: 14/14
   194 | D        | Reached XP level 8. HP: 39/64 MP: 15/15
   197 | D        | Reached * piety under Fedhas
   197 | D        | Reached ** piety under Fedhas
   207 | D        | Round 2.
   295 | D        | Noticed Ijyb
   304 | D        | Killed Ijyb
   304 | D        | Arena points: 50 (+36) [x3]
   304 | D        | Reached skill level 1 in Invocations
   328 | D        | Bought a heavily runed golden ring for 45 gold pieces
   328 | D        | Bought a faintly glowing steel ring for 45 gold pieces
   328 | D        | Identified the ring "Nuithrel" {+Inv rPois MR+++ Str-2 Int-3} (You bought it in a shop in the Dungeon)
   329 | D        | Identified the ring of Cigrescha {rCorr rN+ Str+3 Int+4} (You bought it in a shop in the Dungeon)
   360 | D        | Round 3.
   428 | D        | Reached *** piety under Fedhas
   473 | D        | Arena points: 134 (+84) [x4]
   473 | D        | Reached skill level 5 in Invocations
   484 | D        | Bought an ancient brass ring for 45 gold pieces
   484 | D        | Bought a sparkling ivory ring for 45 gold pieces
   484 | D        | Identified the ring of Yxietzid {rPois MR++ MP+9 Int+2 Stlth-} (You bought it in a shop in the Dungeon)
   485 | D        | Identified the ring of Male {rPois rN+ MR+ Dex+2} (You bought it in a shop in the Dungeon)
   541 | D        | Round 4.
   550 | D        | Reached **** piety under Fedhas
   587 | D        | Reached ***** piety under Fedhas
   709 | D        | Arena points: 294 (+160) [x5]
   731 | D        | Bought a warped graven amulet for 45 gold pieces
   731 | D        | Bought a bound bronze ring for 45 gold pieces
   731 | D        | Bought a vibrating marble ring for 45 gold pieces
   731 | D        | Bought a fine steel ring for 45 gold pieces
   731 | D        | Bought a slimy bone ring for 45 gold pieces
   732 | D        | Identified the amulet "Zaybaac" {Reflect *Contam rF++ Int+2 SH+3 Stlth+} (You bought it in a shop in the Dungeon)
   733 | D        | Identified the ring "Migafit" {AC+1 SInv} (You bought it in a shop in the Dungeon)
   736 | D        | Identified the ring of Ynuuqaz {Ice MR+ Str+3 Dex+4 Stlth-} (You bought it in a shop in the Dungeon)
   738 | D        | Identified the ring of Edits {rCorr rElec} (You bought it in a shop in the Dungeon)
   738 | D        | Round 5.
   741 | D        | Identified the ring "Buptaaw" {AC+4 Str+3} (You bought it in a shop in the Dungeon)
   742 | D        | Noticed the 27-headed Lernaean hydra
   767 | D        | Noticed an alligator
   790 | D        | Noticed a slime creature
   797 | D        | Noticed a six-headed hydra
   799 | D        | Noticed a bog body
   804 | D        | Noticed a slime creature
   867 | D        | Arena points: 314 (+20) [x1]
   868 | D        | Got a decaying rune of Zot
   883 | D        | Bought a flickering marble ring for 45 gold pieces
   886 | D        | Identified the ring "Ekhle" {rF+ Str+2 Int+2 Dex+7} (You bought it in a shop in the Dungeon)
  1049 | D        | Round 6.
  1083 | D        | Gained mutation: Your magical capacity is low. (-10% MP) [a neqoxec]
  1099 | D        | Reached skill level 10 in Invocations
  1099 | D        | Reached XP level 9. HP: 61/71 MP: 14/14
  1125 | D        | Gained mutation: Your magical capacity is very low. (-20% MP) [a neqoxec]
  1128 | D        | Gained mutation: Your magical capacity is extremely low. (-30% MP) [a neqoxec]
  1197 | D        | Reached skill level 4 in Stealth
  1197 | D        | Gained mutation: You are clumsy. (Dex -2) [a neqoxec]
  1206 | D        | Arena points: 422 (+108) [x2]
  1206 | D        | Reached skill level 5 in Stealth
  1245 | D        | Round 7.
  1273 | D        | Noticed a queen bee
  1276 | D        | Noticed a queen bee
  1284 | D        | Killed a queen bee
  1284 | D        | Reached skill level 6 in Stealth
  1287 | D        | Killed a queen bee
  1287 | D        | Reached skill level 7 in Stealth
  1288 | D        | Noticed a queen bee
  1298 | D        | Killed a queen bee
  1302 | D        | Reached skill level 8 in Stealth
  1303 | D        | Reached ****** piety under Fedhas
  1313 | D        | Noticed a queen bee
  1320 | D        | Killed a queen bee
  1320 | D        | Arena points: 632 (+210) [x3]
  1329 | D        | Bought a crude large shield for 332 gold pieces
  1334 | D        | Identified the +4 large shield of Uxies {rPois Str+3} (You bought it in a shop in the Dungeon)
  1363 | D        | Round 8.
  1368 | D        | Reached skill level 9 in Stealth
  1368 | D        | Reached skill level 1 in Shields
  1368 | D        | Reached XP level 10. HP: 79/79 MP: 13/13
  1396 | D        | Noticed an eidolon
  1408 | D        | Noticed a phantasmal warrior
  1414 | D        | Killed an eidolon
  1414 | D        | Reached skill level 10 in Stealth
  1421 | D        | Killed a phantasmal warrior
  1421 | D        | Reached skill level 11 in Stealth
  1421 | D        | Reached skill level 5 in Shields
  1461 | D        | Reached skill level 5 in Maces & Flails
  1492 | D        | Arena points: 888 (+256) [x4]
  1506 | D        | Bought an encrusted hat for 315 gold pieces
  1511 | D        | Identified the +1 hat of Responsibility {Int+4 Dex-5} (You bought it in a shop in the Dungeon)
  1546 | D        | Round 9.
  1581 | D        | Noticed an alligator
  1608 | D        | Killed an alligator
  1608 | D        | Reached skill level 12 in Stealth
  1662 | D        | Noticed an alligator
  1670 | D        | Noticed a swamp dragon
  1671 | D        | Noticed a swamp dragon
  1684 | D        | Killed a swamp dragon
  1684 | D        | Reached skill level 13 in Stealth
  1685 | D        | Killed a swamp dragon
  1685 | D        | Reached XP level 11. HP: 53/83 MP: 14/14
  1698 | D        | Killed an alligator
  1698 | D        | Arena points: 1338 (+450) [x5]
  1698 | D        | Reached skill level 14 in Stealth
  1728 | D        | Round 10.
  1735 | D        | Noticed Ilsuiw
  1759 | D        | Killed Ilsuiw
  1759 | D        | Arena points: 2038 (+700) [x7]
  1759 | D        | Reached skill level 15 in Stealth
  1759 | D        | Reached skill level 10 in Shields
  1761 | D        | Got a barnacled rune of Zot
  1965 | D        | Round 11.
  1999 | D        | Reached skill level 10 in Maces & Flails
  2010 | D        | Reached skill level 16 in Stealth
  2025 | D        | Arena points: 3182 (+1144) [x8]
  2049 | D        | Round 12.
  2075 | D        | Noticed a cyan ugly thing
  2166 | D        | Noticed a white very ugly thing
  2167 | D        | Noticed a white ugly thing
  2169 | D        | Noticed a white ugly thing
  2169 | D        | Noticed a purple ugly thing
  2169 | D        | Noticed a brown ugly thing
  2169 | D        | Noticed a white ugly thing
  2170 | D        | Noticed a green ugly thing
  2170 | D        | Reached XP level 12. HP: 65/90 MP: 14/14
  2171 | D        | Noticed a white very ugly thing
  2222 | D        | Arena points: 3242 (+60) [x1]
  2228 | D        | Gained mutation: Scrolls take you a little longer to read. [mutagenic meat]
  2237 | D        | Round 13.
  2246 | D        | Bought 3 royal jellies for 24 gold pieces
  2263 | D        | Gained mutation: You occasionally shout uncontrollably at your foes. [a neqoxec]
  2270 | D        | Gained mutation: You are dopey. (Int -2) [a neqoxec]
  2273 | D        | Reached skill level 17 in Stealth
  2373 | D        | Arena points: 3606 (+364) [x2]
  2409 | D        | Bought 2 potions of mutation for 112 gold pieces
  2409 | D        | Lost mutation: Your magical capacity is extremely low. (-30% MP) [potion of mutation]
  2409 | D        | Lost mutation: You are dopey. (Int -2) [potion of mutation]
  2409 | D        | Lost mutation: You are clumsy. (Dex -2) [potion of mutation]
  2409 | D        | Lost mutation: Your magical capacity is very low. (-20% MP) [potion of mutation]
  2409 | D        | Lost mutation: Your magical capacity is low. (-10% MP) [potion of mutation]
  2409 | D        | Gained mutation: You are frail. (-10% HP) [potion of mutation]
  2409 | D        | Gained mutation: You expend magic power (3 MP) to strengthen your wands. [potion of mutation]
  2409 | D        | Gained mutation: Your flesh is heat resistant. (rF+) [potion of mutation]
  2410 | D        | Lost mutation: Your flesh is heat resistant. (rF+) [potion of mutation]
  2410 | D        | Lost mutation: You occasionally shout uncontrollably at your foes. [potion of mutation]
  2410 | D        | Gained mutation: Your mind is acute. (Int +2) [potion of mutation]
  2410 | D        | Gained mutation: You are covered in fur. (AC +1) [potion of mutation]
  2421 | D        | Round 14.
  2423 | D        | Noticed a catoblepas
  2441 | D        | Killed a catoblepas
  2441 | D        | Reached XP level 13. HP: 82/85 MP: 18/22
  2451 | D        | Reached skill level 18 in Stealth
  2543 | D        | Noticed a dire elephant
  2556 | D        | Killed a dire elephant
  2594 | D        | Arena points: 4068 (+462) [x3]
  2633 | D        | Round 15.
  2638 | D        | Noticed Agnes
  2656 | D        | Killed Agnes
  2656 | D        | Arena points: 4893 (+825) [x5]
  2656 | D        | Reached skill level 15 in Shields
  2657 | D        | Got a mossy rune of Zot
  2686 | D        | Bought 100 fruits for 2250 gold pieces
  2815 | D        | Round 16.
  2914 | D        | Reached skill level 15 in Invocations
  2984 | D        | Arena points: 5117 (+224) [x1]
  2986 | D        | Upgraded the game from 0.20-a0-915-gb278767 to 0.20-a0-923-g548304e
  2999 | D        | Round 17.
  3022 | D        | Noticed a stone giant
  3048 | D        | Killed a stone giant
  3058 | D        | Noticed a frost giant
  3059 | D        | Noticed a stone giant
  3064 | D        | Noticed a stone giant
  3077 | D        | Killed a stone giant
  3082 | D        | Killed a stone giant
  3090 | D        | Killed a frost giant
  3128 | D        | Noticed a fire giant
  3146 | D        | Reached XP level 14. HP: 15/90 MP: 26/26
  3149 | D        | Reached XP level 15. HP: 17/96 MP: 27/27
  3151 | D        | Hit by a large rock thrown by a cyclops

Vault maps used:
D:        arena_sprint

Skill      XL: |  1  2  3  4  5  6  7  8  9 10 11 12 13 |
---------------+----------------------------------------+-----
Dodging        | 3 4 7 10 11 12 | 12.0
Evocations     | 6 9 |  9.8
Fighting       | 2 5 10 11 | 11.2
Short Blades   | 2 |  2.7
Stealth        | 3 9 13 16 17 18 | 18.7
Invocations    | 10 12 17 | 17.1
Shields        | 1 8 11 12 17 | 17.7
Maces & Flails | 7 10 11 12 | 12.4

Action                   |  1- 3 |  4- 6 |  7- 9 | 10-12 | 13-15 || total
-------------------------+-------+-------+-------+-------+-------++-------
Melee: Short sword       |     2 |     7 |   104 |   130 |       ||   243
       Constrict         |     1 |       |    25 |    19 |     4 ||    49
       Tentacles         |       |     3 |    43 |    90 |    73 ||   209
       Flail             |       |       |       |    37 |       ||    37
       Whip              |       |       |       |    12 |   113 ||   125
Invok: Fungal Bloom      |       |     1 |    15 |     6 |    15 ||    37
       Evolution         |       |       |     5 |     8 |    12 ||    25
       Reproduction      |       |       |     1 |       |       ||     1
       Rain              |       |       |       |       |     4 ||     4
       Growth            |       |       |       |       |     1 ||     1
 Abil: Evoke Invisibilit |       |       |       |     5 |       ||     5
Evoke: Wand              |     8 |    10 |    13 |     8 |     2 ||    41
  Use: Potion            |     1 |       |     2 |     5 |     4 ||    12
 Stab: Paralysed         |     2 |       |       |       |       ||     2
       Confused          |       |     1 |     3 |       |     5 ||     9
       Distracted        |       |       |     1 |     5 |     1 ||     7
       Invisible         |       |       |       |    16 |       ||    16
  Eat: Bread ration      |       |       |       |     1 |       ||     1
       Chunk             |       |       |       |     4 |       ||     4
       Royal jelly       |       |       |       |     3 |       ||     3
Armor: Skin              |       |       |     9 |     7 |     2 ||    18
Dodge: Dodged            |       |     3 |    84 |    78 |    26 ||   191
Block: Other             |       |       |     8 |       |       ||     8
       Large shield      |       |       |       |   167 |    73 ||   240
       Reflection        |       |       |       |     1 |    14 ||    15
